 Dungeon Crawl Stone Soup version 0.30-a0-860-g512cf1e979 (webtiles) character file.

Game seed: 6561559532150101074

128 bobo the Ruffian (level 4, -3/37 HPs)
             Began as a Draconian Transmuter on Mar 7, 2023.
             Was an Initiate of Qazlal.
             Killed by divine providence
             ... invoked by an orc priest
              (11 damage)
             ... on level 4 of the Dungeon.
             The game lasted 00:06:22 (2690 turns).

bobo the Ruffian (Draconian Transmuter)             Turns: 2690, Time: 00:06:23

Health: -3/37      AC:  5    Str: 12    XL:     4   Next: 87%
Magic:  6/7        EV: 12    Int: 16    God:    Qazlal [......]
Gold:   216        SH:  0    Dex: 11    Spells: 4/7 levels left

rFire   . . .      SeeInvis .      - Unarmed
rCold   . . .      Faith    .    (no shield)
rNeg    . . .      Spirit   .    (body armour unavailable)
rPois   .          Reflect  .    (helmet currently unavailable)
rElec   .          Rampage  .    e - scarf {+Inv}
rCorr   .                        (no gloves)
Will    .....                    m - melded +0 pair of boots
Stlth   ++                       (no amulet)
HPRegen 0.26/turn                k - ring of flight
MPRegen 0.10/turn                (no ring)

@: appendages (expiring), flying
A: horns 2, talons 2, AC +5, unfitting armour, cold-blooded
a: End Transformation, Renounce Religion, Evoke Invisibility


You were on level 4 of the Dungeon.
You worshipped Qazlal.
Qazlal was noncommittal.
You had temporarily grown beastly horns and talons.
You visited 2 branches of the dungeon, and saw 5 of its levels.

You collected 216 gold pieces.

Inventory:

Missiles
 n - a throwing net
Armour
 e - a scarf of invisibility (worn)
 m - a +0 pair of boots (melded)
Jewellery
 k - a ring of flight (left hand)
Scrolls
 c - a scroll of fear {unknown}
 d - 4 scrolls of identify {unknown}
 h - a scroll of torment {unknown}
Potions
 a - 2 potions of lignification
 b - a potion of flight {unknown}
 f - a potion of magic {unknown}
 g - 2 potions of curing {unknown}
 i - 2 potions of attraction {unknown}
 j - a potion of degeneration {unknown}
 l - a potion of heal wounds {unknown}
 o - a potion of haste {unknown}


   Skills:
 + Level 2.8 Fighting
 + Level 2.8 Dodging
 + Level 1.4 Stealth
 + Level 3.9 Unarmed Combat
 - Level 2.0 Spellcasting
 - Level 2.0 Transmutations


You had 4 spell levels left.
You knew the following spells:

 Your Spells              Type           Power      Damage    Failure   Level
a - Beastly Appendage     Tmut           16%        N/A       9%          1
z - Wereblood             Tmut           8%         N/A       14%         2

Your spell library contained the following spells:

 Spells                   Type           Power      Damage    Failure   Level
 Ensorcelled Hibernation  Hex/Ice        2%         N/A       30%         2
 Spider Form              Tmut/Pois      4%         N/A       38%         3
 Inner Flame              Hex/Fire       1%         N/A       52%         3
 Ice Form                 Ice/Tmut       4%         N/A       80%         4
 Anguish                  Hex/Necr       0%         N/A       90%         4
 Flame Wave               Conj/Fire      1%         2d4       90%         4
 Sticky Flame             Conj/Fire      1%         2d3       90%         4


Dungeon Overview and Level Annotations

Branches:
Dungeon (4/15)             Temple (1/1) D:4

Altars:
Ashenzari
Dithmenos
Fedhas
Gozag
Hepliaklqana
Makhleb
Nemelex Xobeh
Okawaru
Qazlal
Ru
Trog
Xom
Yredelemnul
Zin
The Shining One


Innate Abilities, Weirdness & Mutations

You have temporarily grown beastly horns and talons.
Your plain brown scales are hard. (AC +5)
You cannot fit into any form of body armour.
You are cold-blooded and may be slowed by cold attacks.


Message History

The orc priest shouts!
You hear a shout!
The orc priest looks encouraged for a moment.
Items here: ( )) ††.
You start waiting.
An orc priest is nearby!
Casting: Beastly Appendage (safe; 9% risk of failure)
Confirm with . or Enter, or press ? or * to list all spells.
You grow a pair of large bovine horns.
Your feet morph into talons.
Your +0 pair of boots melds into your body.
Your transformation is almost over.
You barely miss the orc priest. Your kick misses the orc priest.
Your headbutt misses the orc priest. The orc priest closely misses you.
You closely miss the orc priest.
The orc priest mumbles some strange prayers to Beogh against you.
Pain shoots through your body!
You barely miss the orc priest. Your kick misses the orc priest.
The orc priest hits you but does no damage.
You hit the orc priest but do no damage.
The orc priest hits you with a +0 whip.
You hit the orc priest but do no damage.
Your kick misses the orc priest.
The orc priest miscasts a cantrip.
You completely miss the orc priest. Your kick misses the orc priest.
Your headbutt misses the orc priest.
Your tail-slap misses the orc priest.
The orc priest hits you but does no damage.
You hit the orc priest.
The orc priest is moderately wounded.
The orc priest hits you with a +0 whip.
You hit the orc priest. Your kick misses the orc priest.
Your headbutt misses the orc priest.
The orc priest is severely wounded.
The orc priest mumbles some strange prayers to Beogh against you.
Beogh smites you!
* * * LOW HITPOINT WARNING * * *
You closely miss the orc priest. Your kick misses the orc priest.
You tail-slap the orc priest, but do no damage.
The orc priest is severely wounded.
The orc priest mumbles some strange prayers to Beogh against you.
Beogh smites you!
You die...

.....<†........
#####.#.#.#..
####........###
....#.#.#.#....
####........#######
##.#.#.#.[.....+
###.....#....##
#######.##.###
#.##@o.# #.####.#
#.####.# #...##)###
######......#####
#...............#
#.#.##....#.#.#.#
#.#....##.#o#.#.#
#...#...........#


You could see an orc priest.

Vanquished Creatures
  3 adders
  A white imp (D:4)
  2 worms (D:2)
  3 dart slugs
  5 orcs (D:3)
  10 endoplasms
  3 giant cockroaches
  5 goblins
  10 hobgoblins
  3 jackals (D:2)
  A quokka (D:4)
  10 ball pythons
  2 bats
  2 frilled lizards
  7 kobolds
  5 rats
72 creatures vanquished.

Notes
Turn   | Place    | Note
-------+----------+-------------------------------------------
     0 | D:1      | bobo the Draconian Transmuter began the quest for the Orb.
     0 | D:1      | Reached XP level 1. HP: 16/16 MP: 3/3
    70 | D:1      | Reached XP level 2. HP: 23/23 MP: 1/5
    76 | D:1      | Learned a level 2 spell: Wereblood
   841 | D:2      | Reached XP level 3. HP: 29/29 MP: 3/6
  1415 | D:2      | Reached XP level 4. HP: 35/37 MP: 1/7
  1525 | D:2      | Reached skill level 1 in Stealth
  2117 | D:3      | Found an iron altar of Okawaru.
  2568 | D:4      | Found a staircase to the Ecumenical Temple.
  2576 | D:4      | Noticed an ogre
  2585 | Temple   | Entered the Ecumenical Temple
  2651 | Temple   | Became a worshipper of Qazlal Stormbringer
  2690 | D:4      | Killed from afar by an orc priest

Illustrated notes

Levels and vault maps discovered:
D:1:      erik_arrival_orb_chamber, layout_basic, minmay_split_cup_small
D:2:      layout_basic, corexii_hall_statues_i
D:3:      layout_basic, okawaru_metal_pillars_1_2, roderic_lattice_a,
          serial_bayou_pond_d, st_stairs_4, hex_tiny
D:4:      layout_basic, minmay_temple_entry_ruins, serial_shops,
          nicolae_shop_bloodbath_and_beyond, st_stairs_8, minmay_ruined_shrine
Temple:   eino_temple_lava

Skill      XL: |  1  2  3  4 |
---------------+-------------+-----
Dodging        | 2 |  2.8
Fighting       | 2 |  2.8
Stealth        | 1 |  1.4
Unarmed Combat | |  3.9
Spellcasting   | |  2.0
Transmutations | |  2.0

Action                     |  1- 3 |  4- 6 || total
---------------------------+-------+-------++-------
  Melee: Unarmed           |    92 |    71 ||   163
         Headbutt          |    11 |     8 ||    19
         Kick              |    20 |    18 ||    38
         Tailslap          |     8 |     6 ||    14
         Punch             |     1 |     2 ||     3
   Cast: Beastly Appendage |    27 |    15 ||    42
         Wereblood         |     7 |     6 ||    13
   Stab: Sleeping          |     1 |     1 ||     2
 Armour: Skin              |    25 |    19 ||    44
  Dodge: Dodged            |    45 |    34 ||    79

Table legend: (Time is in decaauts)
 A = Elapsed time spent in this place.
 B = Non-inter-level travel time spent in this place.
 C = Inter-level travel time spent in this place.
 D = Time resting spent in this place.
 E = Time spent auto-exploring this place.
 F = Levels seen in this place.
 G = Mean time per level.
                   A        B        C        D        E       F      G
               +--------+--------+--------+--------+--------+-----+--------+
         Total |   2680 |   2596 |     84 |      6 |   2076 |   5 |  536.0 |
       Dungeon |   2605 |   2528 |     77 |      6 |   2033 |   4 |  651.2 |
        Temple |     74 |     67 |      7 |      0 |     43 |   1 |   74.0 |
               +--------+--------+--------+--------+--------+-----+--------+

Top non-repeatable levels by time:
     D:3: 851 daAuts
     D:1: 817 daAuts
     D:2: 793 daAuts
     D:4: 144 daAuts
  Temple: 74 daAuts
